 Dungeon Crawl Stone Soup version 0.24-a0-459-g225fefd530 (webtiles) character file.

Game seed: 7293968982281607618

122642 Inquire the Phalangite (level 16, -4/158 HPs)
             Began as a Minotaur Fighter on June 30, 2019.
             Was the Champion of Makhleb.
             Slain by a shock serpent (9 damage)
             ... on level 4 of the Snake Pit.
             The game lasted 00:53:29 (29451 turns).

Inquire the Phalangite (Minotaur Fighter)          Turns: 29451, Time: 00:53:30

Health: -4/158     AC: 18    Str: 25    XL:     16   Next: 35%
Magic:  18/18      EV: 17    Int:  7    God:    Makhleb [******]
Gold:   449        SH:  0    Dex: 11    Spells: 15/15 levels left

rFire    + . .     SeeInvis .   e - +7 bardiche (venom)
rCold    + . .     Gourm    .   (shield currently unavailable)
rNeg     . . .     Faith    .   o - +1 swamp dragon scales
rPois    +         Spirit   .   (helmet restricted)
rElec    +         Reflect  .   M - +0 cloak
rCorr    +         Harm     .   t - +2 pair of gloves
MR       ++...                  v - +1 pair of boots
Stlth    +.........             h - amulet of rage
HPRegen  0.36/turn              K - ring of protection from magic
MPRegen  0.16/turn              V - +5 ring of evasion

@: lethally poisoned (-4 -> -12), about to teleport, resistant, marked,
constricted, studying Fighting
A: retaliatory headbutt, horns 2
a: Minor Destruction, Lesser Servant of Makhleb, Major Destruction, Greater
Servant of Makhleb, Renounce Religion, Evoke Berserk Rage


You were on level 4 of the Snake Pit.
You worshipped Makhleb.
Makhleb was exalted by your worship.
You were full.

You visited 5 branches of the dungeon, and saw 30 of its levels.
You also visited: Bailey.

You collected 4084 gold pieces.
You spent 3635 gold pieces at shops.

Inventory:

Hand Weapons
 a - the +7 hunting sling of the Spectre {velocity, rElec MR+ Dex+2}
   (You found it on level 6 of the Lair of Beasts)

   Any stone fired from it inflicts extra damage.
   It affects your dexterity (+2).
   It insulates you from electricity.
   It affects your resistance to hostile enchantments.
 c - a +1 trident of venom
 e - a +7 bardiche of venom (weapon)
 p - a +3 bardiche
Missiles
 L - a throwing net (quivered)
 Z - 244 stones
Armour
 o - +1 swamp dragon scales (worn)
 t - a +2 pair of gloves (worn)
 v - a +1 pair of boots (worn)
 M - a +0 cloak (worn)
 O - +0 acid dragon scales
Jewellery
 h - an amulet of rage (around neck)
 m - an uncursed ring of protection from fire
 n - an uncursed amulet of regeneration
 A - an uncursed ring of magical power {unknown}
 E - a +3 ring of slaying
 J - the ring "Icaoh" {Int+5 SInv}
   (You found it on level 11 of the Dungeon)

   [ring of see invisible]

   It affects your intelligence (+5).
   It lets you see invisible.
 K - a ring of protection from magic (left hand)
 P - an uncursed ring of flight
 V - a +5 ring of evasion (right hand)
Wands
 y - a wand of paralysis (13)
 D - a wand of disintegration (27)
 G - a wand of flame (36)
 S - a wand of acid (3)
 X - a wand of clouds (1)
Scrolls
 j - 3 scrolls of fog
 k - 8 scrolls of remove curse
 s - 3 scrolls of magic mapping
 u - 9 scrolls of teleportation
 F - 3 scrolls of holy word
 I - 2 scrolls of amnesia
 T - 9 scrolls of identify
 U - a scroll of silence
Potions
 g - a potion of cancellation
 i - 2 potions of agility
 q - 4 potions of brilliance
 r - 6 potions of magic
 w - 13 potions of mutation
 x - 2 potions of ambrosia
 z - 4 potions of flight
 B - a potion of resistance
 C - 6 potions of might
 N - 8 potions of curing
Books
 d - a manual of Fighting
Miscellaneous
 W - a fan of gales
Comestibles
 f - 27 rations


   Skills:
 + Level 18.3 Fighting
   Level 8.8(16.2) Axes
 * Level 21.0(21.5) Polearms
 - Level 7.1(7.3) Slings
 - Level 1.6(4.4) Throwing
 - Level 10.2 Armour
 - Level 8.0 Dodging
   Level 4.4 Shields
   Level 10.1 Conjurations
 - Level 4.8 Invocations


You had 15 spell levels left.
You didn't know any spells.
Your spell library contained the following spells:

 Spells                   Type           Power        Failure   Level  Hunger
 Flame Tongue             Conj/Fire      #....        9%          1    ##.....
 Shock                    Conj/Air       #...         9%          1    ##.....
 Throw Flame              Conj/Fire      #.....       13%         2    ###....
 Conjure Flame            Conj/Fire      #.......     26%         3    ####...
 Static Discharge         Conj/Air       #.......     26%         3    ####...
 Stone Arrow              Conj/Erth      #.....       26%         3    ####...
 Mephitic Cloud           Conj/Pois/Air  #.......     45%         3    ####...
 Animate Skeleton         Necr           N/A          54%         1    ##.....
 Pain                     Necr           #...         54%         1    ##.....
 Sandblast                Erth           #.....       54%         1    ##.....
 Summon Small Mammal      Summ           #...         54%         1    ##.....
 Sticky Flame             Conj/Fire      #.......     63%         4    #####..
 Call Imp                 Summ           #.......     69%         2    ###....
 Passwall                 Tmut/Erth      #.......     69%         2    ###....
 Poisonous Vapours        Pois/Air       #.....       69%         2    ###....
 Swiftness                Chrm/Air       #.......     69%         2    ###....
 Call Canine Familiar     Summ           #.......     89%         3    ####...
 Inner Flame              Hex/Fire       #.......     89%         3    ####...
 Regeneration             Chrm/Necr      #.........   89%         3    ####...
 Summon Guardian Golem    Hex/Summ       #.......     89%         3    ####...
 Vampiric Draining        Necr           #.........   89%         3    ####...
 Fireball                 Conj/Fire      #.........   93%         5    ######.
 Lightning Bolt           Conj/Air       #.........   93%         5    ######.
 Airstrike                Air            #.........   100%        4    #####..
 Animate Dead             Necr           N/A          100%        4    #####..
 Petrify                  Tmut/Erth      #.......     100%        4    #####..
 Summon Ice Beast         Ice/Summ       #.......     100%        4    #####..
 Summon Lightning Spire   Summ/Air       #.......     100%        4    #####..
 Lee's Rapid Deconstruct  Erth           #.........   100%        5    ######.
 Freezing Cloud           Conj/Ice/Air   #.........   100%        6    #######
 Poison Arrow             Conj/Pois      #.........   100%        6    #######
 Ring of Flames           Chrm/Fire      #.........   100%        7    #######
 Chain Lightning          Conj/Air       #.........   100%        8    #######
 Lehudib's Crystal Spear  Conj/Erth      #.........   100%        8    #######
 Fire Storm               Conj/Fire      #.........   100%        9    #######
 Glaciate                 Conj/Ice       #.........   100%        9    #######


Dungeon Overview and Level Annotations

Branches:
Dungeon (15/15)            Temple (0/1) D:6            Lair (6/6) D:11
 Shoals (0/4) Lair:2        Snake (4/4) Lair:3        Slime (0/5) Lair:6
    Orc (2/2) D:10            Elf (3/3) Orc:2        Vaults (0/5) D:13
 Depths (0/5) D:15

Altars:
Ashenzari
Cheibriados
Dithmenos
Elyvilon
Gozag
Kikubaaqudgha
Makhleb
Nemelex Xobeh
Okawaru
Ru
Trog
Vehumet
Xom
Yredelemnul
Zin
Beogh

Shops:
D:4 *   D:9 %   D:12 *   Orc:2 *[(*   Elf:3 %!   Snake:2 }

Annotations:
D:12 Get manua
D:14 exclusion: Roxanne, Roxanne
Snake:2 Vashnia
Elf:1 swagumen's ghost, journeyman MiBe
Elf:2 3 runed translucent doors


Innate Abilities, Weirdness & Mutations

You reflexively headbutt those who attack you in melee.
You have a pair of horns on your head.


Message History

You feel sick.
The anaconda looks more healthy.
The anaconda bites you!
* * * LOW HITPOINT WARNING * * *
The anaconda constricts you. The black mamba bites you.
* * * LOW HITPOINT WARNING * * *
The anaconda bites you but does no damage.
The black mamba misses you. The shock serpent bites you.
* * * LOW HITPOINT WARNING * * *
The shock serpent shocks you. You resist.
* * * LOW HITPOINT WARNING * * *
The anaconda bites you but does no damage.
The naga hits you with a +0 mace!
* * * LOW HITPOINT WARNING * * *
The black mamba closely misses you. You furiously retaliate!
You headbutt the black mamba! The anaconda bites you.
* * * LOW HITPOINT WARNING * * *
x2 The anaconda constricts you.
The naga hits you but does no damage. The anaconda completely misses you.
The black mamba bites you but does no damage.
The shock serpent bites you!
You die...

,#N.....#S..........#**,,,,,,,,,,
*#.....N.#...N.......#*,,,,,,,,,,
*#.......#...N.......#*#*,**,,,,,
*#.#...NS.#...NN.....,.N,*******,
##.#...N.S#S....##..,...,*******,
.#.##....SS######*#.....,,,,,,,**
............#######.....,,,,,,,,,
..........##N##SSNN.#,,,,,,,,,,,*
.....####.###.SS@S#,**,,,,,,,,,,*
...### #.##..NSSN.#**,,,,,,,,,,,
##.# ##.##..SS..# *,,,,,,,,*,*
##.#* ####.######.## *,,,,,,,****
###.*##....#.##**.# ***,,,,**,*,
# *###........#*,#### *,*.##,,,,
# #.........#,,,...#***,#...*,,,
# ##........#*,#....,*##...#,,,,
# ##........###...#**,..#..#,,,,


You could see a salamander mystic, 3 anacondas, a shock serpent, a guardian
serpent, 4 black mambas and 5 nagas.

Vanquished Creatures
  A deep elf sorcerer (Elf:3)
  Aizul (Snake:1)
  An orc warlord (Orc:2)
  An ironheart preserver (D:13)
  A stone giant (Orc:2)
  Nessos (D:15)
  A dire elephant (D:15)
  Azrael (D:15)
  A deep elf death mage (Elf:1)
  Josephine (D:15)
  A deep elf high priest (Elf:3)
  A fire dragon (D:15)
  3 hydras (Lair:6)
  2 naga warriors (Snake:2)
  2 centaur warriors
  2 two-headed ogres
  9 anacondas
  7 dancing weapons
  A tengu warrior (D:15)
  8 naga sharpshooters
  4 shock serpents
  Nergalle (Lair:3)
  2 deep elf knights
  2 salamander mystics
  4 deep elf archers
  3 orc knights
  2 naga ritualists
  2 mana vipers
  Pikel (D:8)
  An orc sorcerer (Orc:1)
  3 oklob plants (Lair:5)
  6 salamanders
  A wolf spider (D:15)
  2 manticores
  17 deep elf magi
  6 elephants
  3 ugly things
  22 black mambas
  A cyclops (D:13)
  5 centaur skeletons
  An ice statue (D:12)
  A torpor snail (Lair:5)
  4 naga magi
  11 spiny frogs
  2 gargoyles (D:13)
  2 rime drakes (Lair:6)
  A kobold demonologist (D:14)
  A rime drake (shapeshifter) (D:13)
  9 komodo dragons
  2 tengu conjurers (D:15)
  A freezing wraith (D:11)
  7 trolls
  Grinder (D:6)
  A wind drake (shapeshifter) (D:15)
  7 polar bears
  6 slime creatures
  11 hornets
  3 dream sheep (Lair:5)
  12 blink frogs
  13 hippogriffs
  A meliai zombie (D:14)
  14 spriggans
  Sigmund (D:2)
  A vampire (D:14)
  5 wraiths (D:15)
  An air elemental (Elf:3)
  2 water elementals
  5 fire elementals
  2 shadows
  13 yaks
  5 wyverns
  4 hungry ghosts
  4 basilisks
  A steam dragon (D:8)
  10 vampire mosquitoes
  17 nagas
  Menkaure (D:4)
  A soldier ant (D:12)
  3 acid dragons
  23 water moccasins
  2 porcupines
  34 orc warriors
  7 black bears
  5 sky beasts
  A hornet zombie (D:12)
  8 ice beasts
  3 slaves (D:8)
  3 phantoms
  A sky beast (shapeshifter) (D:12)
  2 necrophages
  3 boggarts (Lair:6)
  An eye of draining (D:12)
  10 ogres
  20 wolves
  6 centaurs
  11 crocodiles
  4 big kobolds
  12 bullfrogs
  2 scorpions
  A wyvern zombie (D:13)
  21 killer bees
  17 wights
  8 howler monkeys
  3 electric eels
  5 crimson imps
  3 centaur zombies
  3 bullfrog zombies (D:13)
  A quasit (D:14)
  8 hounds
  4 jellies
  11 orc priests
  Jessica (D:3)
  2 bullfrog skeletons
  6 iguanas
  9 worker ants
  Natasha (thrice) (D:2)
  16 orc wizards
  A killer bee zombie (D:4)
  A hound zombie (D:10)
  15 adders
  16 gnolls
  5 shadow imps
  2 white imps (D:12)
  An adder zombie (D:9)
  An adder skeleton (D:7)
  8 worms
  6 dart slugs
  6 leopard geckos
  85 orcs
  4 giant cockroaches
  14 goblins
  17 hobgoblins
  15 jackals
  29 kobolds
  2 quokkas
  6 ball pythons
  13 bats
  3 frilled lizards
  2 gnoll zombies (D:6)
  A jackal zombie (D:7)
  4 rats
858 creatures vanquished.

Vanquished Creatures (collateral kills)
  3 hydras
  A deep elf mage (Elf:1)
  An orc sorcerer (Orc:2)
  An orc knight (Orc:2)
  A naga mage (Snake:2)
  A black mamba (Snake:2)
  2 elephants (Lair:3)
  4 yaks (D:9)
  A centaur (Orc:2)
  A hound zombie (D:9)
  An orc (Orc:2)
17 creatures vanquished.

Vanquished Creatures (others)
  An unseen horror (D:15)
  A deep elf mage (Elf:1)
  An adder (D:8)
  An orc (D:8)
  A fungus (Lair:1)
  10 plants
15 creatures vanquished.

Grand Total: 890 creatures vanquished

Notes
Turn   | Place    | Note
-------+----------+-------------------------------------------
     0 | D:1      | Inquire the Minotaur Fighter began the quest for the Orb.
     0 | D:1      | Reached XP level 1. HP: 19/19 MP: 0/0
   174 | D:1      | Reached XP level 2. HP: 24/27 MP: 1/1
   520 | D:2      | Reached XP level 3. HP: 33/33 MP: 2/2
   571 | D:2      | Noticed Sigmund
   585 | D:2      | Killed Sigmund
   585 | D:2      | Reached skill level 5 in Fighting
   585 | D:2      | Reached XP level 4. HP: 39/42 MP: 3/3
   585 | D:2      | Reached XP level 5. HP: 44/48 MP: 4/4
   642 | D:2      | Noticed Natasha
   648 | D:2      | Killed Natasha
   921 | D:2      | Noticed Natasha
   928 | D:2      | Killed Natasha
   928 | D:2      | Reached XP level 6. HP: 49/56 MP: 5/5
  1023 | D:2      | Found an ancient bone altar of Kikubaaqudgha.
  1205 | D:2      | Noticed Natasha
  1215 | D:2      | Killed Natasha
  1215 | D:2      | Reached skill level 5 in Axes
  1395 | D:3      | Found a sacrificial altar of Ru.
  1697 | D:3      | Noticed Jessica
  1705 | D:3      | Killed Jessica
  1705 | D:3      | Reached skill level 5 in Armour
  2062 | D:3      | Found a sparkling altar of Nemelex Xobeh.
  2232 | D:4      | Noticed Menkaure
  2324 | D:5      | Entered Level 5 of the Dungeon
  2377 | D:5      | Reached XP level 7. HP: 59/64 MP: 6/6
  2631 | D:5      | Found a shadowy altar of Dithmenos.
  3088 | D:4      | Found a burning altar of Makhleb.
  3097 | D:4      | Became a worshipper of Makhleb the Destroyer
  3109 | D:4      | Killed Menkaure
  3109 | D:4      | Reached skill level 1 in Throwing
  3160 | D:4      | Reached skill level 1 in Invocations
  3227 | D:4      | Reached XP level 8. HP: 69/73 MP: 8/8
  3272 | D:4      | Reached * piety under Makhleb
  3280 | D:4      | Found Puekkol's Serpentskin Sales.
  3293 | D:4      | Bought 17 poisoned darts for 81 gold pieces
  3674 | D:6      | Found a basalt altar of Yredelemnul.
  3775 | D:6      | Found an opulent altar of Gozag.
  3776 | D:6      | Found a glowing silver altar of Zin.
  3915 | D:6      | Found a staircase to the Ecumenical Temple.
  3977 | D:6      | Noticed Grinder
  3994 | D:6      | Paralysed by Grinder for 7 turns
  4013 | D:6      | Killed Grinder
  4013 | D:6      | Reached XP level 9. HP: 69/83 MP: 11/11
  4257 | D:7      | Found a shattered altar of Ashenzari.
  4285 | D:7      | Found a flagged portal.
  4290 | Bailey   | Entered a bailey
  4297 | Bailey   | Reached ** piety under Makhleb
  4988 | Bailey   | Reached skill level 1 in Polearms
  5193 | Bailey   | Identified a scroll of acquirement
  5411 | D:7      | Reached skill level 2 in Polearms
  5509 | D:7      | Reached skill level 1 in Conjurations
  6042 | D:7      | Reached skill level 3 in Polearms
  6104 | D:7      | Reached skill level 4 in Polearms
  6280 | D:8      | Reached *** piety under Makhleb
  6284 | D:8      | Reached skill level 5 in Polearms
  6323 | D:8      | Noticed a two-headed ogre
  6334 | D:8      | Killed a two-headed ogre
  6334 | D:8      | Reached skill level 6 in Polearms
  6334 | D:8      | Reached skill level 5 in Conjurations
  6351 | D:8      | Reached XP level 10. HP: 91/91 MP: 12/12
  6428 | D:8      | Noticed Pikel
  6445 | D:8      | Killed Pikel
  6445 | D:8      | Reached skill level 7 in Polearms
  6869 | D:9      | Reached skill level 8 in Polearms
  6911 | D:9      | Found a snail-covered altar of Cheibriados.
  7182 | D:9      | Reached **** piety under Makhleb
  7286 | D:9      | Found Foejiuru's Food Shop.
  7447 | D:9      | Reached skill level 9 in Polearms
  7579 | D:10     | Entered Level 10 of the Dungeon
  7612 | D:10     | Found a staircase to the Orcish Mines.
  7875 | D:10     | Reached skill level 10 in Polearms
  7992 | D:10     | Reached XP level 11. HP: 88/97 MP: 13/13
  8055 | D:10     | Reached ***** piety under Makhleb
  8346 | D:10     | Found a shimmering altar of Xom.
  8346 | D:10     | Found a shimmering altar of Xom.
  8385 | D:11     | Got a clouded golden ring
  8387 | D:11     | Identified the ring "Icaoh" {Int+5 SInv} (You found it on
                  | level 11 of the Dungeon)
  8407 | D:11     | Found an iron altar of Okawaru.
  8502 | D:11     | Found a roughly hewn altar of Beogh.
  8604 | D:11     | Noticed a four-headed hydra
  8615 | D:11     | Killed a four-headed hydra
  8804 | D:11     | Found a staircase to the Lair.
  8919 | D:11     | Reached skill level 11 in Polearms
  8919 | D:11     | Reached skill level 10 in Conjurations
  9032 | D:11     | Noticed a purple ugly thing
  9038 | D:11     | Killed a purple ugly thing
  9263 | D:11     | Reached skill level 12 in Polearms
  9722 | Orc:1    | Entered Level 1 of the Orcish Mines
  9722 | Orc:1    | Noticed an orc knight
  9722 | Orc:1    | Noticed an orc sorcerer
  9796 | Lair:1   | Entered Level 1 of the Lair of Beasts
 10162 | Lair:1   | Reached skill level 1 in Dodging
 10258 | Lair:1   | Reached skill level 13 in Polearms
 10873 | Lair:2   | Found a staircase to the Shoals.
 10911 | Lair:2   | Got a bone quarterstaff
 11098 | Lair:2   | Identified the +1 quarterstaff of Tenacity {antimagic,
                  | Fragile rElec Int+7} (You found it on level 2 of the Lair
                  | of Beasts)
 11330 | Lair:2   | Reached skill level 10 in Fighting
 11330 | Lair:2   | Reached XP level 12. HP: 81/106 MP: 14/14
 11943 | Lair:3   | Noticed a four-headed hydra
 11960 | Lair:3   | Killed a four-headed hydra
 12018 | Lair:3   | Noticed Nergalle
 12034 | Lair:3   | Killed Nergalle
 12055 | Lair:3   | Found a staircase to the Snake Pit.
 12135 | Lair:3   | Reached skill level 5 in Dodging
 12798 | Lair:4   | Reached skill level 14 in Polearms
 13664 | Lair:5   | Reached XP level 13. HP: 111/116 MP: 15/15
 13692 | Lair:5   | Reached ****** piety under Makhleb
 13954 | Lair:5   | Found a white marble altar of Elyvilon.
 14611 | Lair:6   | Entered Level 6 of the Lair of Beasts
 14828 | Orc:1    | Found a bloodstained altar of Trog.
 14852 | Orc:2    | Entered Level 2 of the Orcish Mines
 15087 | Orc:2    | Noticed a stone giant
 15095 | Orc:2    | Killed a stone giant
 15912 | Orc:2    | Found a burning altar of Makhleb.
 15986 | Orc:2    | Noticed an orc warlord
 16112 | Orc:2    | Killed an orc warlord
 16112 | Orc:2    | Reached skill level 10 in Armour
 16240 | Orc:2    | Reached skill level 15 in Polearms
 16613 | Orc:2    | Found a staircase to the Elven Halls.
 16885 | Orc:2    | Found Liripic's Armour Shoppe.
 16885 | Orc:2    | Found Soubb's Weapon Boutique.
 16887 | Orc:2    | Found Ytithaf's General Store.
 16889 | Orc:2    | Found Puroarem's Assorted Antiques.
 16896 | Orc:2    | Bought a potion of curing for 42 gold pieces
 16901 | Orc:2    | Bought a scroll of acquirement for 1612 gold pieces
 17375 | D:12     | Found Etexu's General Store.
 18042 | D:13     | Reached skill level 16 in Polearms
 18186 | D:13     | Reached XP level 14. HP: 129/129 MP: 16/16
 18382 | D:13     | Noticed an ironheart preserver
 18383 | D:13     | Found a gate to the Vaults.
 18405 | D:13     | Killed an ironheart preserver
 18643 | D:14     | Found a sacrificial altar of Ru.
 18966 | D:14     | Noticed Roxanne
 19176 | D:14     | Reached skill level 17 in Polearms
 19820 | D:15     | Entered Level 15 of the Dungeon
 19848 | D:15     | Found a snail-covered altar of Cheibriados.
 19906 | D:15     | Noticed Nessos
 20652 | Lair:6   | Paralysed by a hornet for 2 turns
 20708 | Lair:6   | Identified the +7 hunting sling of the Spectre {velocity,
                  | rElec MR+ Dex+2} (You found it on level 6 of the Lair of
                  | Beasts)
 20749 | Lair:6   | Reached skill level 1 in Slings
 20795 | Lair:6   | Paralysed by a hornet for 1 turns
 21022 | Lair:6   | Reached skill level 18 in Polearms
 21822 | Lair:6   | Found a staircase to the Slime Pits.
 22153 | D:12     | Bought a manual of Fighting for 1435 gold pieces
 22153 | D:12     | Bought a scroll of teleportation for 39 gold pieces
 22153 | D:12     | Bought a potion of heal wounds for 65 gold pieces
 22153 | D:12     | Bought a potion of curing for 39 gold pieces
 22382 | Elf:1    | Entered Level 1 of the Elven Halls
 22936 | Elf:1    | Found a large runed translucent door.
 22936 | Elf:1    | Found a large runed translucent door.
 22948 | Elf:1    | Noticed swagumen's ghost (journeyman MiBe)
 23368 | Elf:2    | Reached skill level 5 in Slings
 23368 | Elf:2    | Reached XP level 15. HP: 136/139 MP: 17/17
 23387 | Elf:2    | Found a runed translucent gate.
 23392 | Elf:2    | Found a runed translucent gate.
 23487 | Elf:2    | Found a runed translucent gate.
 23508 | Elf:2    | Reached skill level 15 in Fighting
 23679 | Elf:3    | Entered Level 3 of the Elven Halls
 23679 | Elf:3    | Noticed a deep elf sorcerer
 24195 | Elf:1    | You fall into a shaft and drop 1 floor!
 24277 | Elf:3    | Found Ydo Qothuorch's Distillery.
 24304 | Elf:3    | Found Hataxau's Food Shop.
 24307 | Elf:3    | Found Seogroil's Assorted Antiques.
 24311 | Elf:3    | Bought a potion of heal wounds for 70 gold pieces
 24311 | Elf:3    | Bought a potion of might for 56 gold pieces
 24311 | Elf:3    | Bought a potion of might for 56 gold pieces
 24321 | Elf:3    | Bought a potion of curing for 42 gold pieces
 24321 | Elf:3    | Bought a potion of curing for 42 gold pieces
 24321 | Elf:3    | Bought a potion of agility for 56 gold pieces
 24461 | Elf:3    | Found a radiant altar of Vehumet.
 24495 | Elf:3    | Killed a deep elf sorcerer
 24879 | D:15     | Reached skill level 19 in Polearms
 24926 | D:15     | Noticed Josephine
 24936 | D:15     | Killed Nessos
 24940 | D:15     | Killed Josephine
 24997 | D:15     | Found a staircase to the Depths.
 25192 | D:15     | Identified the +9 flail of the Insatiable Scars {freeze,
                  | +Rage rElec MR+} (You found it on level 15 of the Dungeon)
 25357 | D:15     | Noticed Azrael
 25367 | D:15     | Killed Azrael
 26141 | Snake:1  | Entered Level 1 of the Snake Pit
 26693 | Snake:1  | Found a sparkling altar of Nemelex Xobeh.
 26718 | Snake:1  | Noticed Aizul
 26731 | Snake:1  | Killed Aizul
 27265 | Snake:1  | Found a runed translucent gate.
 27265 | Snake:1  | Found a runed translucent gate.
 27265 | Snake:1  | Found a runed translucent gate.
 27469 | Snake:1  | Reached skill level 20 in Polearms
 27717 | Snake:2  | Reached XP level 16. HP: 74/155 MP: 18/18
 28368 | Snake:2  | Found Cutyngat's Gadget Emporium.
 28502 | Snake:2  | Noticed Vashnia
 29052 | Snake:4  | Entered Level 4 of the Snake Pit
 29354 | Snake:4  | Reached skill level 21 in Polearms
 29451 | Snake:4  | HP: 5/158 [anaconda (3)]
 29451 | Snake:4  | Slain by a shock serpent

Levels and vault maps discovered:
D:1:      tarquinn_simple_flora_water_d, layout_rooms, chequers_avenue,
          hangedman_decor_riveting
D:2:      layout_loops_ring, lemuel_round_altar, uniq_sigmund, uniq_natasha
D:3:      layout_basic, nicolae_ru_great_annihilating_truth,
          nemelex_altar_shiori, uniq_jessica
D:4:      layout_rooms, overflow_temple_1_default, minivault_11,
          guppyfry_shop_venom, uniq_menkaure
D:5:      layout_basic, grunt_dithmenos_smoke_and_mirrors, first_ration
D:6:      layout_loops_ring, grunt_temple_overflow_gold_and_silver,
          lemuel_zombie_altar_yredelemnul, temple_doors_e, uniq_grinder
D:7:      layout_basic, cheibrodos_ashenzari_chains, enter_bailey_3
D:8:      layout_rooms, blue_anna_alchemist [blue_anna_fruit_fields,
          blue_anna_fruit_fields], hangedman_abyss_or_decor_passed, uniq_pikel
D:9:      layout_cave_pools, marbit_many_paths, serial_shops, nicolae_shop_stone
D:10:     layout_long_grid, david_orc_2, xom_shifter_show
D:11:     layout_roguey [special_room_orc], lair_entry_dummy,
          minmay_misc_feat_cross, serial_park_tiny_pond, st_stairs_7,
          serial_bayou_lagoon_a, okawaru_ov_weapons_minmay
D:12:     layout_cave_pods, serial_shops, kennysheep_mini_moat, ice2_lemuel
D:13:     layout_basic, skrybe_vaults_entry_preservation
D:14:     layout_basic, basic_altar, uniq_roxanne
D:15:     hangedman_depths_entry_try_elsewhere_first, layout_loops_ring,
          cheibriados_altar_1, uniq_josephine, uniq_azrael, uniq_nessos
Lair:1:   layout_cave_pods, serial_bayou_shore_b, infiniplex_staircase_pool
Lair:2:   layout_loops_ring, elwin_shoals_entry_rocks,
          chequers_serial_rivers_room_b, wad_woods_road_03, grunt_megastairs_1
Lair:3:   layout_regular_city, minmay_snake_entry_guardpost_medium,
          uniq_nergalle
Lair:4:   layout_regular_city
Lair:5:   layout_regular_city, basic_altar, beast_lair_carwin_4,
          minmay_lair_oklob_chamber, serial_bayou_shore_a
Lair:6:   minmay_lair_end_enchanted_forest, layout_cave_shapes,
          minmay_slime_entry_pillars, grunt_megastairs_4
Snake:1:  layout_concentric_octagons, basic_altar, nicolae_snake_horde_hoard,
          uniq_aizul
Snake:2:  layout_cave_shapes, serial_shops, shop_statue, uniq_vashnia
Snake:3:  layout_cave_town, grunt_ministairs_14, nicolae_snake_springs,
          uniq_asterion
Snake:4:  johnstein_snake_rune_scales, layout_chambers
Orc:1:    layout_caves, basic_altar
Orc:2:    st_orc_rangers, layout_diamond_mine, basic_altar
Elf:1:    layout_loops_corners, ebering_ghost_disaster_area,
          minmay_elf_demonology
Elf:2:    layout_rooms
Elf:3:    minmay_elf_hall_four_x, layout_rooms, basic_altar,
          palyth_stone_intersect, st_stairs_3,
          minmay_the_grid_square_5x5_3x3_mashed
          [minmay_the_grid_square_5x5_lines,
          minmay_the_grid_square_5x5_beaten_path,
          minmay_the_grid_square_5x5_corner, minmay_the_grid_square_5x5_minimal,
          minmay_the_grid_square_5x5_megaprize_hollow,
          minmay_the_grid_square_5x5_z, minmay_the_grid_square_5x5_three,
          minmay_the_grid_square_5x5_detours,
          minmay_the_grid_square_5x5_minibox], minmay_shop_star, uniq_saint_roka

Skill      XL: |  1  2  3  4  5  6  7  8  9 10 11 12 13 14 15 16 |
---------------+-------------------------------------------------+-----
Fighting       | 4 5 6 7 9 10 11 13 14 17 18 | 18.3
Axes           | 3 4 5 7 8 |  8.8
Armour         | 4 5 6 9 10 | 10.2
Shields        | 4 |  4.4
Throwing       | 1 |  1.6
Invocations    | 1 4 |  4.8
Polearms       | 6 10 13 14 16 18 20 21 | 21.0
Conjurations   | 5 9 10 | 10.1
Dodging        | 2 6 8 |  8.0
Slings         | 5 7 |  7.1

Action                   |  1- 3 |  4- 6 |  7- 9 | 10-12 | 13-15 | 16-18 || total
-------------------------+-------+-------+-------+-------+-------+-------++-------
Melee: War axe           |    70 |   144 |   243 |       |     2 |       ||   459
       Headbutt          |     6 |    21 |    53 |   114 |   176 |    15 ||   385
       Halberd           |       |       |    89 |   694 |   829 |       ||  1612
       Bardiche          |       |       |       |       |   358 |   136 ||   494
 Fire: Hunting sling     |       |       |       |       |    79 |       ||    79
Throw: Dart              |       |     1 |    20 |     3 |     1 |       ||    25
Invok: Lesser Servant of |       |       |       |     4 |     8 |     2 ||    14
       Greater Servant o |       |       |       |       |     1 |       ||     1
 Abil: Evoke Berserk Rag |       |       |       |     1 |     4 |     2 ||     7
Evoke: Wand              |       |       |       |     9 |    21 |     3 ||    33
  Use: Potion            |     1 |     1 |     8 |     5 |    22 |     2 ||    39
       Scroll            |       |     4 |    15 |    11 |    20 |     2 ||    52
 Stab: Paralysed         |       |     1 |       |       |       |       ||     1
       Sleeping          |       |       |       |     1 |       |       ||     1
       Confused          |       |       |       |       |     1 |       ||     1
  Eat: Chunk             |       |     3 |     9 |     7 |     9 |       ||    28
       Ration            |       |     1 |     2 |     6 |    12 |     2 ||    23
Armor: Scale mail        |    44 |    56 |   134 |   107 |       |       ||   341
       Acid dragon scale |       |       |       |   107 |   253 |       ||   360
       Swamp dragon scal |       |       |       |       |    30 |    39 ||    69
Dodge: Dodged            |    17 |    25 |   101 |   247 |   862 |   132 ||  1384
Block: Shield            |    37 |    69 |   113 |       |       |       ||   219

Table legend:
 A = Non-vault XP
 B = Vault XP
 C = Vault XP percentage of total XP
 D = Non-vault monster count
 E = Vault monster count
 F = Vault count percentage of total count
                 A         B        C        D         E       F
            +---------+---------+-------+---------+---------+-------
      Total |  122886 |   52317 |  29.9 |     619 |     253 |  29.0
            +---------+---------+-------+---------+---------+-------
        D:1 |      23 |       0 |   0.0 |      12 |       0 |   0.0
        D:2 |     162 |     255 |  61.2 |      29 |       2 |   6.5
        D:3 |     130 |      76 |  36.9 |      30 |       5 |  14.3
        D:4 |     712 |     181 |  20.3 |      32 |       4 |  11.1
        D:5 |     138 |       0 |   0.0 |      10 |       0 |   0.0
        D:6 |     830 |     312 |  27.3 |      15 |       3 |  16.7
        D:7 |     942 |       7 |   0.7 |      18 |       4 |  18.2
        D:8 |    2340 |     699 |  23.0 |      30 |       2 |   6.2
        D:9 |    1616 |     122 |   7.0 |      28 |       1 |   3.4
       D:10 |    2200 |     151 |   6.4 |      36 |       6 |  14.3
       D:11 |    2941 |    1416 |  32.5 |      25 |      28 |  52.8
       D:12 |    6358 |    2316 |  26.7 |      42 |      12 |  22.2
       D:13 |    7626 |    3230 |  29.8 |      34 |       9 |  20.9
       D:14 |    4471 |       0 |   0.0 |      24 |       0 |   0.0
       D:15 |    5676 |    8177 |  59.0 |      17 |      15 |  46.9
     Lair:1 |    4240 |       0 |   0.0 |      19 |       0 |   0.0
     Lair:2 |    4037 |     870 |  17.7 |      12 |       3 |  20.0
     Lair:3 |    4859 |    1475 |  23.3 |      17 |       5 |  22.7
     Lair:4 |    3021 |       0 |   0.0 |      12 |       0 |   0.0
     Lair:5 |    4511 |    3809 |  45.8 |      22 |       9 |  29.0
     Lair:6 |    7212 |   10216 |  58.6 |      26 |      50 |  65.8
    Snake:1 |    8624 |    8953 |  50.9 |      18 |      20 |  52.6
    Snake:2 |   16130 |    1697 |   9.5 |      29 |       2 |   6.5
    Snake:3 |     948 |       0 |   0.0 |       2 |       0 |   0.0
    Snake:4 |    6226 |       0 |   0.0 |      12 |       0 |   0.0
      Orc:1 |    1592 |       0 |   0.0 |       8 |       0 |   0.0
      Orc:2 |    4911 |    4191 |  46.0 |      31 |      33 |  51.6
      Elf:1 |    3596 |    1805 |  33.4 |       5 |       3 |  37.5
      Elf:2 |   11017 |    1799 |  14.0 |      17 |       2 |  10.5
      Elf:3 |    5797 |     200 |   3.3 |       7 |       1 |  12.5
     Bailey |       0 |     360 | 100.0 |       0 |      34 | 100.0
            +---------+---------+-------+---------+---------+-------
